 Dungeon Crawl Stone Soup version 0.23.0 (webtiles) character file.

Game seed: 13282388614861374689

3511 lyphon the Conjurer (level 9, -2/74 HPs)
             Began as a White Draconian Fire Elementalist on Feb 9, 2019.
             Slain by a hornet (5 damage)
             ... while paralysed by a hornet
             ... on level 8 of the Dungeon.
             The game lasted 00:45:05 (11205 turns).

lyphon the Conjurer (DrFE)                         Turns: 11205, Time: 00:45:06

Health: -2/74      AC: 11    Str: 10    XL:     9   Next: 81%
Magic:  5/17       EV:  2    Int: 19    God:
Gold:   155        SH:  0    Dex: 12    Spells: 4/19 levels left

rFire    + . .     SeeInvis .   a - +2 falchion (drain)
rCold    + + +     Gourm    .   (no shield)
rNeg     . . .     Faith    .   (armour unavailable)
rPois    +         Spirit   .   (helmet restricted)
rElec    +         Reflect  .   B - +0 cloak
rCorr    +         Harm     .   (no gloves)
MR       .....                  (no boots)
Stlth    ++........             (no amulet)
HPRegen  0.22/turn              g - +3 ring of protection
MPRegen  0.15/turn              t - ring of protection from cold

@: paralysed, lethally poisoned (-2 -> -6), resistant, very slightly
contaminated, slowed
A: breathe frost, unfitting armour, cold resistance 1, cold-blooded, AC +7
a: Breathe Frost


You were on level 8 of the Dungeon.
You were not hungry.

You visited 1 branch of the dungeon, and saw 8 of its levels.

You collected 309 gold pieces.
You spent 154 gold pieces at shops.

Inventory:

Hand Weapons
 a - a +2 falchion of draining (weapon)
 b - a +5 blowgun
 G - a +0 hunting sling
 M - a +2 dagger of flaming
Missiles
 c - 189 stones (quivered)
 y - a throwing net
 D - 57 bolts
 E - 26 poisoned needles
Armour
 B - a +0 cloak (worn)
Magical Staves
 J - an uncursed staff of cold
Jewellery
 g - a +3 ring of protection (left hand)
 k - a +4 ring of dexterity
 t - a ring of protection from cold (right hand)
 A - a +4 ring of evasion
Wands
 d - a wand of acid (5)
 I - a wand of flame (11)
Scrolls
 e - 2 scrolls of remove curse {unknown}
 f - 7 scrolls of identify
 h - a scroll of fear {unknown}
 n - 2 scrolls of teleportation
 q - 4 scrolls of magic mapping
 u - 3 scrolls of amnesia
 v - a scroll of fog {unknown}
 x - a scroll of enchant weapon {unknown}
 C - a scroll of immolation {unknown}
 F - a scroll of enchant armour {unknown}
Potions
 i - a potion of resistance
 j - a potion of haste
 m - 2 potions of agility
 o - a potion of cancellation {unknown}
 p - 4 potions of brilliance
 r - a potion of lignification {unknown}
 s - a potion of heal wounds {unknown}
 z - 2 potions of mutation {unknown}
 H - a potion of flight {unknown}
 L - 3 potions of ambrosia {unknown}
Comestibles
 l - 5 rations


   Skills:
 + Level 5.5 Fighting
 - Level 0.3 Short Blades
 - Level 2.0(2.2) Slings
 - Level 1.0(1.6) Throwing
 - Level 2.0 Dodging
 - Level 1.9 Stealth
 + Level 5.8 Spellcasting
 * Level 7.8 Conjurations
 * Level 7.1 Fire Magic


You had 4 spell levels left.
You knew the following spells:

 Your Spells              Type           Power        Failure   Level  Hunger
a - Flame Tongue          Conj/Fire      ####.        1%          1    None
b - Throw Flame           Conj/Fire      ####..       1%          2    None
c - Conjure Flame         Conj/Fire      ####....     1%          3    ##.....
d - Sticky Flame          Conj/Fire      ####....     5%          4    ####...
e - Fireball              Conj/Fire      ####......   14%         5    #####..

Your spell library contained the following spells:

 Spells                   Type           Power        Failure   Level  Hunger
 Inner Flame              Hex/Fire       ###.....     8%          3    ##.....


Dungeon Overview and Level Annotations

Branches:
Dungeon (8/15)             Temple (0/1) D:7
   Lair: D:8-11

Altars:
Elyvilon
Fedhas
Kikubaaqudgha
Qazlal
Ru
Trog
Uskayaw

Shops:
D:6 (   D:7 [   D:8 *

Annotations:
D:7 3 runed translucent doors, Toogi's ghost, novice KoCj


Innate Abilities, Weirdness & Mutations

You can breathe waves of freezing cold.
You can buffet flying creatures when you breathe cold.
Your icy white scales are hard. (AC +7)
You cannot fit into any form of body armour.
Your flesh is cold resistant. (rC+)
You are cold-blooded and may be slowed by cold attacks.


Message History

The hornet stings you!
* * * LOW HITPOINT WARNING * * *
You feel as though you will be slow longer.
The hornet stings you!
* * * LOW HITPOINT WARNING * * *
The hornet closely misses you. The hornet barely misses you.
You riposte.
You hit the hornet but do no damage. You drain the hornet.
The hornet is heavily wounded.
The hornet misses you.
The hornet stings you but does no damage.
The hornet stings you.
* * * LOW HITPOINT WARNING * * *
You suddenly lose the ability to move!
The hornet stings you.
* * * LOW HITPOINT WARNING * * *
You are lethally poisoned!
You feel as though you will be slow longer.
* * * LOW HITPOINT WARNING * * *
You feel sick. The hornet stings you.
You die...

#### ### #y#.# #.# #a#.##.##
#.#.†..# .### #.##..# ###
....#######.y#### #.# ####
..........<†.@..# #.# #...
................#######.###..# .
....)..........'.........#..#
#.........(#.....#######.#.#..#
#..#.##....#.†...#.............
##..#.##...(#..........)#.#....#
............#...........#.##...#
##.........((###........#.......
............(.............>.....


You could see a hornet.

Vanquished Creatures
  A hornet (D:8)
  Eustachio (D:5)
  A wraith (D:7)
  3 yaks (D:8)
  A soldier ant (D:8)
  2 ice beasts
  A necrophage (D:7)
  An orc warrior (D:8)
  A phantom (D:6)
  2 ogres
  3 centaurs
  3 bullfrogs
  4 scorpions
  3 crimson imps
  5 orc priests
  2 hounds
  Crazy Yiuf (D:2)
  A jelly (D:7)
  3 bullfrog skeletons
  4 iguanas
  8 orc wizards
  6 worker ants
  A hound zombie (D:7)
  2 howler monkey zombies
  A worker ant zombie (D:5)
  9 adders
  A shadow imp (D:7)
  An ooze (D:4)
  3 adder skeletons
  4 worms
  2 dart slugs
  7 leopard geckos
  33 orcs
  A ball python (D:1)
  8 giant cockroaches
  10 goblins
  4 hobgoblins
  17 jackals
  6 quokkas
  6 bats
  13 frilled lizards
  A jackal skeleton (D:5)
  10 kobolds
  10 rats
207 creatures vanquished.

Notes
Turn   | Place    | Note
-------+----------+-------------------------------------------
     0 | D:1      | lyphon the Draconian Fire Elementalist began the quest for
                  | the Orb.
     0 | D:1      | Reached XP level 1. HP: 14/14 MP: 3/3
   236 | D:1      | Reached XP level 2. HP: 20/20 MP: 3/5
   323 | D:1      | Learned a level 2 spell: Throw Flame
   922 | D:1      | Reached XP level 3. HP: 26/26 MP: 6/6
   927 | D:1      | Learned a level 3 spell: Conjure Flame
  1325 | D:2      | Reached skill level 1 in Throwing
  1888 | D:2      | Reached XP level 4. HP: 33/33 MP: 1/7
  2137 | D:2      | Found a bloodstained altar of Trog.
  2162 | D:2      | Reached skill level 1 in Slings
  2298 | D:2      | Found a sacrificial altar of Ru.
  2354 | D:2      | Found a runed translucent door.
  2355 | D:2      | Noticed Crazy Yiuf
  3089 | D:3      | Reached XP level 5. HP: 39/39 MP: 6/9
  3107 | D:3      | Noticed an ogre
  3474 | D:3      | Learned a level 4 spell: Sticky Flame
  4917 | D:4      | Reached XP level 6. HP: 29/46 MP: 2/11
  5135 | D:4      | Reached skill level 1 in Fighting
  5534 | D:4      | Found a glowing drain.
  5713 | D:4      | Found a hide-covered altar of Uskayaw.
  5724 | D:4      | Found an ancient bone altar of Kikubaaqudgha.
  6268 | D:4      | You fall through a shaft for 2 floors!
  6279 | D:6      | Reached skill level 5 in Fire Magic
  6279 | D:6      | Your scales start taking on an icy white colour.
  6279 | D:6      | Reached XP level 7. HP: 54/55 MP: 1/12
  6279 | D:6      | Gained mutation: Your flesh is cold resistant. (rC+) [White
                  | Draconian growth]
  6452 | D:6      | Found Osuok's Antique Weapon Shoppe.
  6472 | D:5      | Entered Level 5 of the Dungeon
  6555 | D:5      | Found a white marble altar of Elyvilon.
  7106 | D:2      | Killed Crazy Yiuf
  7409 | D:5      | Found a stormy altar of Qazlal.
  7570 | D:5      | Noticed Eustachio
  7671 | D:5      | Killed Eustachio
  7671 | D:5      | Reached XP level 8. HP: 46/63 MP: 3/14
  8020 | D:5      | Reached skill level 5 in Conjurations
  8020 | D:5      | Reached skill level 5 in Fire Magic
  8612 | D:6      | Bought a glowing blowgun for 154 gold pieces
  9169 | D:7      | Found Ohirroape's Antique Armour Shoppe.
  9204 | D:7      | Noticed Toogi's ghost (novice KoCj)
  9274 | D:7      | Found a runed translucent gate.
  9274 | D:7      | Found a runed translucent gate.
  9278 | D:7      | Found a runed translucent gate.
  9518 | D:7      | Reached skill level 5 in Spellcasting
  9518 | D:7      | Reached XP level 9. HP: 72/72 MP: 10/16
  9614 | D:7      | Found a staircase to the Ecumenical Temple.
  9760 | D:7      | Found a sacrificial altar of Ru.
  9760 | D:7      | Found a blossoming altar of Fedhas.
 10006 | D:8      | Found Ulyqifory's Changing Room.
 10184 | D:8      | Reached skill level 5 in Fighting
 10417 | D:8      | Learned a level 5 spell: Fireball
 10678 | D:8      | Paralysed by a hornet for 1 turns
 10686 | D:8      | Paralysed by a hornet for 1 turns
 11196 | D:8      | Paralysed by a hornet for 1 turns
 11204 | D:8      | Paralysed by a hornet for 3 turns
 11205 | D:8      | HP: 3/74 [poisoned by a hornet]
 11205 | D:8      | Slain by a hornet

Skill      XL: |  1  2  3  4  5  6  7  8  9 |
---------------+----------------------------+-----
Throwing       | 1 |  1.0
Dodging        | 2 |  2.0
Slings         | 2 |  2.0
Spellcasting   | 3 4 5 |  5.8
Conjurations   | 2 3 4 6 7 |  7.8
Fire Magic     | 4 4 6 7 |  7.1
Fighting       | 2 3 4 5 |  5.5
Short Blades   | |  0.3
Stealth        | |  1.9

Action                   |  1- 3 |  4- 6 |  7- 9 || total
-------------------------+-------+-------+-------++-------
Melee: Dagger            |     3 |     5 |       ||     8
       Short sword       |    20 |       |       ||    20
       Tailslap          |     1 |       |     7 ||     8
       Falchion          |       |    12 |    35 ||    47
 Fire: Hunting sling     |    14 |    56 |       ||    70
       Blowgun           |       |       |    11 ||    11
Throw: Stone             |    17 |       |       ||    17
 Cast: Flame Tongue      |    61 |   150 |   204 ||   415
       Throw Flame       |     1 |    35 |    40 ||    76
       Conjure Flame     |       |     2 |       ||     2
       Fireball          |       |       |     1 ||     1
 Abil: Breathe Frost     |       |       |    11 ||    11
Evoke: Wand              |       |       |     2 ||     2
  Use: Scroll            |       |     3 |     9 ||    12
       Potion            |       |       |     4 ||     4
  Eat: Chunk             |     1 |    12 |     9 ||    22
       Ration            |     1 |     1 |     3 ||     5
Armor: Skin              |    18 |    27 |    78 ||   123
Dodge: Dodged            |    37 |    47 |   130 ||   214
       Rpst.: Falchion   |       |     6 |    35 ||    41
